 Dungeon Crawl Stone Soup version 0.26.1-11-gd32895ea62 (webtiles) character file.

Game seed: 7179206978825528986

123254 ChiliTurd the Bludgeoner (level 16, -3/108 HPs)
             Began as a Gargoyle Berserker on July 14, 2021.
             Was a High Priest of Trog.
             Slain by a tarantella (8 damage)
             ... on level 2 of the Spider Nest on July 15, 2021.
             The game lasted 06:12:17 (32978 turns).

ChiliTurd the Bludgeoner (Gargoyle Berserker)      Turns: 32978, Time: 06:12:18

Health: -3/108     AC:  8    Str: 34    XL:     16   Next: 89%
Magic:  16/16      EV: 12    Int:  8    God:    Trog [*****.]
Gold:   2776       SH:  0    Dex:  9    Spells: 15/15 levels left

rFire    . . .     SeeInvis +   X - +9 great mace (vorpal)
rCold    . . .     Faith    +   (shield currently unavailable)
rNeg     + . .     Spirit   .   J - +3 plate armour
rPois    ∞         Reflect  .   m - +2 helmet {SInv}
rElec    +         Harm     .   M - scarf {repulsion}
rCorr    .         Rampage  .   x - +2 pair of gloves
Will     +....                  R - +2 pair of boots {Fly}
Stlth    ..........             D - amulet of faith
HPRegen  0.28/turn              H - +4 ring of slaying
MPRegen  0.15/turn              O - +6 ring of strength

@: corroded, flying, repel missiles
A: big wings, negative energy resistance 1, electricity resistance, unbreathing,
petrification resistance, miasma immunity, AC +12
a: Stop Flying, Renounce Religion, Berserk, Trog's Hand, Brothers in Arms


You were on level 2 of the Spider Nest.
You worshipped Trog.
Trog was extremely pleased with you.
You visited 5 branches of the dungeon, and saw 26 of its levels.

You collected 3016 gold pieces.
You spent 240 gold pieces at shops.

Inventory:

Hand Weapons
 h - a +2 morningstar of flaming
 q - a +3 antimagic demon whip
 A - a +4 vorpal eveningstar
 K - a +6 dire flail of flaming
 X - a +9 vorpal great mace (weapon)
Missiles
 e - 6 boomerangs of dispersal (quivered)
 N - 4 throwing nets
Armour
 m - a +2 helmet of see invisible (worn)
 x - a +2 pair of gloves (worn)
 J - a +3 plate armour (worn)
 M - a scarf of repulsion (worn)
 R - a +2 pair of boots of flying (worn)
Jewellery
 c - an uncursed ring of positive energy
 d - an uncursed ring of fire {unknown}
 g - the brooch of Shielding {Spirit SH+8}
   (You found it on level 12 of the Dungeon)

   [amulet of guardian spirit]

   It causes incoming damage to be split between your health and magic.
   It affects your SH (+8).
 p - an uncursed ring of protection from fire
 z - an uncursed ring of protection from cold
 D - an amulet of faith (around neck)
 H - a +4 ring of slaying (left hand)
 O - a +6 ring of strength (right hand)
Wands
 a - a wand of digging (3)
 k - a wand of polymorph (14)
 u - a wand of paralysis (8)
 S - a wand of disintegration (6)
 U - a wand of iceblast (19)
 W - a wand of flame (56)
 Y - a wand of acid (26)
Scrolls
 b - 13 scrolls of teleportation
 i - 6 scrolls of blinking
 j - a scroll of enchant weapon
 o - 5 scrolls of identify
 r - 2 scrolls of immolation
 t - 4 scrolls of fog
 v - 8 scrolls of fear
 y - 7 scrolls of remove curse
 B - 6 scrolls of enchant armour
 C - 3 scrolls of magic mapping
 F - a scroll of holy word
Potions
 f - a potion of magic
 n - 9 potions of curing
 s - a potion of cancellation
 E - a potion of heal wounds
 G - a potion of ambrosia
 L - 2 potions of invisibility {unknown}
 P - 3 potions of lignification
 Q - 4 potions of might
 T - 4 potions of haste {unknown}
Miscellaneous
 V - a condenser vane
 Z - a phantom mirror


   Skills:
 + Level 15.1 Fighting
 + Level 18.2 Maces & Flails
 - Level 10.9 Armour
 - Level 8.9 Dodging
 - Level 11.2 Evocations


You had 15 spell levels left.
You didn't know any spells.
Your spell library contained the following spells:

 Spells                   Type           Power        Failure   Level
 Beastly Appendage        Tmut           0%           94%         1
 Corona                   Hex            0%           94%         1
 Shock                    Conj/Air       0%           94%         1
 Sting                    Tmut/Pois      0%           94%         1
 Summon Small Mammal      Summ           0%           94%         1
 Call Imp                 Summ           0%           98%         2
 Poisonous Vapours        Pois/Air       0%           98%         2
 Slow                     Hex            0%           98%         2
 Swiftness                Air            0%           98%         2
 Wereblood                Tmut           0%           98%         2
 Call Canine Familiar     Summ           0%           100%        3
 Ignite Poison            Fire/Tmut/Pois 0%           100%        3
 Inner Flame              Hex/Fire       0%           100%        3
 Mephitic Cloud           Conj/Pois/Air  0%           100%        3
 Portal Projectile        Hex/Tloc       0%           100%        3
 Spider Form              Tmut/Pois      0%           100%        3
 Static Discharge         Conj/Air       0%           100%        3
 Summon Guardian Golem    Hex/Summ       0%           100%        3
 Airstrike                Air            0%           100%        4
 Cause Fear               Hex            0%           100%        4
 Ice Form                 Ice/Tmut       0%           100%        4
 Leda's Liquefaction      Hex/Erth       0%           100%        4
 Olgreb's Toxic Radiance  Pois           0%           100%        4
 Summon Ice Beast         Ice/Summ       0%           100%        4
 Summon Lightning Spire   Summ/Air       0%           100%        4
 Blade Hands              Tmut           0%           100%        5
 Bolt of Magma            Conj/Fire/Erth 0%           100%        5
 Lightning Bolt           Conj/Air       0%           100%        5
 Silence                  Hex/Air        0%           100%        5
 Yara's Violent Unravell  Hex/Tmut       0%           100%        5
 Conjure Ball Lightning   Conj/Air       0%           100%        6
 Iron Shot                Conj/Erth      0%           100%        6
 Discord                  Hex            0%           100%        8
 Shatter                  Erth           0%           100%        9
 Tornado                  Air            0%           100%        9
 Statue Form              Tmut/Erth      Unusable     N/A         6

Dungeon Overview and Level Annotations

Branches:
Dungeon (15/15)            Temple (1/1) D:4            Lair (6/6) D:9
 Shoals (0/4) Lair:3       Spider (2/4) Lair:4        Slime (0/5) Lair:6
    Orc (2/2) D:9             Elf (0/3) Orc:2        Vaults (0/5) D:13
 Depths (0/5) D:15

Altars:
Ashenzari
Cheibriados
Dithmenos
Elyvilon
Fedhas
Gozag
Hepliaklqana
Kikubaaqudgha
Makhleb
Nemelex Xobeh
Okawaru
Qazlal
Ru
Sif Muna
Trog
Vehumet
Wu Jian
Xom
Yredelemnul
Zin
The Shining One
Jiyva

Shops:
D:7 (   D:9 [   D:11 [   Orc:2 [[[

Portals:
Trove: D:10 (give 2 scrolls of acquirement)


Innate Abilities, Weirdness & Mutations

You are resistant to torment.
Your stone body is resilient. (AC +12)
You are immune to poison.
Your large and strong wings let you fly indefinitely.
You resist negative energy. (rN+)
You are resistant to electric shocks. (rElec)
You can survive without breathing.
You are immune to petrification.
You are immune to miasma.


Message History

The redback barely misses you.
The entropy weaver gestures at you while chanting.
The entropic weave corrodes you!
The redback bites you but does no damage.
The entropy weaver gestures at you while chanting.
The entropic weave corrodes you!
The redback bites you but does no damage.
The entropy weaver points at you and mumbles some strange words.
The entropic weave corrodes you!
A redback comes into view.
The redback bites you!
* * * LOW HITPOINT WARNING * * *
The redback bites you!
* * * LOW HITPOINT WARNING * * *
You feel much better. The redback bites you!
* * * LOW HITPOINT WARNING * * *
The entropy weaver evades a web.
The redback bites you!
* * * LOW HITPOINT WARNING * * *
The tarantella bites you!
You die...

###^..#......##..#.#....#........
.#.##...#...................#^#.
...##.###.#.#.##......#...
.........#..#..#.#..#..... .
#..#...#..#.....#..#.......
#...#.....#...#......#.#...
##..........#.........#..
.##..[†.#....###..#....^#.$
.....#.#..##...^@s...#..#....
....#.#.......>s#B..##....#.#.
........##.#..^#..#....#....... .
).....#.#....#...B.>.#...^.?#..#.
.#..#.##.).#...##B.....#..#.^#.B.
...#####^##...#...#..#.#....##...
#.## ##.....#..#...s#..#...B.!.
### ###...#........?##†#.#
###......#..#...#..##


You could see 3 entropy weavers, a tarantella and 2 redbacks.

Vanquished Creatures
  Arachne (Spider:2)
  Jorgrun (D:14)
  Gastronok (D:10)
  Agnes (D:15)
  Kirke (D:15)
  Aizul (Spider:2)
  Snorg (Lair:6)
  3 hydras
  8 vault guards (D:13)
  3 boulder beetles
  6 centaur warriors
  3 two-headed ogres
  An orc high priest (Orc:2)
  A fire crab (Lair:5)
  3 unseen horrors
  A deep elf mage (D:15)
  10 orb spiders
  3 orc knights
  16 wolf spiders
  6 cyclopes
  6 ugly things
  10 elephants
  5 orc sorcerers
  5 black mambas
  4 torpor snails
  A kobold demonologist (D:11)
  A gargoyle (D:12)
  18 cane toads
  3 rime drakes
  9 komodo dragons
  A yaktaur (D:15)
  9 demonic crawlers
  A tengu conjurer (D:15)
  9 meliai
  20 jumping spiders
  3 hornets
  10 polar bears (Lair:6)
  14 trolls
  2 raiju (Lair:6)
  11 blink frogs
  9 slime creatures
  A spriggan (Lair:5)
  A water elemental (D:14)
  17 redbacks
  16 tarantellas
  29 yaks
  4 wyverns
  11 wraiths
  4 hogs (D:15)
  3 basilisks
  2 steam dragons (Lair:6)
  Edmund (D:4)
  9 wargs
  A soldier ant (Spider:2)
  11 water moccasins
  9 hell hounds (Lair:6)
  15 black bears
  26 orc warriors
  A hornet zombie (D:9)
  6 ice beasts
  8 sky beasts
  2 eyes of draining
  3 phantoms
  A necrophage (D:11)
  2 boggarts (D:15)
  9 ogres
  8 centaurs
  21 wolves
  17 big kobolds
  21 bullfrogs
  Blork the orc (D:4)
  A gnoll sergeant (D:9)
  A wyvern skeleton (D:14)
  A water moccasin skeleton (D:4)
  4 scorpions
  20 killer bees
  7 howler monkeys
  9 wights
  4 electric eels
  A bullfrog zombie (D:9)
  4 centaur zombies
  3 hounds
  23 orc priests
  5 centaur skeletons
  7 jellies
  3 bullfrog skeletons
  Jessica (D:2)
  6 iguanas
  28 orc wizards
  23 worker ants
  A hound skeleton (D:10)
  A worker ant zombie (D:5)
  9 gnolls
  16 adders
  A howler monkey skeleton (D:4)
  4 shadow imps
  6 white imps
  5 ufetubi
  An ooze (D:4)
  2 adder skeletons
  2 worms
  3 dart slugs
  5 leopard geckos
  78 orcs
  9 giant cockroaches
  8 goblins
  6 hobgoblins
  10 jackals
  28 kobolds
  2 quokkas
  8 bats
  6 frilled lizards
  12 rats
856 creatures vanquished.

Vanquished Creatures (collateral kills)
  Rupert (Lair:6)
  Roxanne (Spider:1)
  A fire dragon (Lair:6)
  A yaktaur captain (D:15)
  2 hydras (Lair:6)
  2 orc high priests
  A swamp dragon (Lair:6)
  An unseen horror (D:11)
  2 manticores
  A centaur skeleton (D:14)
  2 rime drakes (Lair:6)
  A demonic crawler (Spider:1)
  A kobold demonologist (D:14)
  2 tengu conjurers
  2 steam dragons (Lair:6)
  2 basilisks (Lair:6)
  A water moccasin (Lair:6)
  6 hell hounds (Lair:6)
  2 orc warriors (Orc:2)
  4 wolves (Lair:6)
  A boggart (D:15)
  3 killer bees (D:11)
  A hound (D:11)
  4 orc priests (Orc:2)
  5 orc wizards (Orc:2)
  An iguana (Lair:6)
  A worker ant (D:11)
  3 orcs
55 creatures vanquished.

Vanquished Creatures (others)
  7 fungi
  35 plants
42 creatures vanquished.

Grand Total: 953 creatures vanquished

Notes
Turn   | Place    | Note
-------+----------+-------------------------------------------
     0 | D:1      | ChiliTurd the Gargoyle Berserker began the quest for the
                  | Orb.
     0 | D:1      | Reached XP level 1. HP: 14/14 MP: 1/1
   182 | D:1      | Reached XP level 2. HP: 18/19 MP: 2/2
   688 | D:1      | Reached XP level 3. HP: 23/24 MP: 3/3
   727 | D:1      | Reached ** piety under Trog
  1299 | D:2      | Noticed Jessica
  1302 | D:2      | Killed Jessica
  1303 | D:2      | Reached skill level 4 in Maces & Flails
  1303 | D:2      | Reached XP level 4. HP: 30/30 MP: 4/4
  1878 | D:3      | Reached XP level 5. HP: 34/34 MP: 5/5
  2031 | D:3      | Reached skill level 5 in Fighting
  2353 | D:4      | Reached *** piety under Trog
  2405 | D:4      | Noticed a fire elemental
  2407 | D:4      | Noticed Edmund
  2419 | D:4      | Killed Edmund
  2420 | D:4      | Reached XP level 6. HP: 40/40 MP: 6/6
  2439 | D:4      | Noticed an air elemental
  2442 | D:4      | Found a stormy altar of Qazlal.
  2483 | D:4      | Noticed a water elemental
  2498 | D:4      | Noticed Blork the orc
  2527 | D:4      | Killed Blork the orc
  2528 | D:4      | Reached skill level 5 in Maces & Flails
  2617 | D:4      | Reached XP level 7. HP: 45/45 MP: 7/7
  2663 | D:4      | Found a staircase to the Ecumenical Temple.
  3162 | Temple   | Entered the Ecumenical Temple
  3342 | D:5      | Entered Level 5 of the Dungeon
  3794 | D:5      | Reached XP level 8. HP: 47/52 MP: 8/8
  3857 | D:5      | Reached skill level 6 in Maces & Flails
  4132 | D:5      | Found an opulent altar of Gozag.
  4214 | D:5      | Reached skill level 5 in Armour
  4440 | D:5      | Reached **** piety under Trog
  4557 | D:6      | Found an ancient bone altar of Kikubaaqudgha.
  4558 | D:6      | Found a white marble altar of Elyvilon.
  4558 | D:6      | Found a sacrificial altar of Ru.
  4559 | D:6      | Found a shimmering altar of Xom.
  4893 | D:6      | Reached XP level 9. HP: 57/57 MP: 9/9
  4962 | D:6      | Found the +5 robe of Misfortune {*Contam Harm *Corrode
                  | *Drain *Slow EV+5}
  5068 | D:6      | Reached skill level 7 in Maces & Flails
  5840 | D:7      | Found Uvak's Weapon Emporium.
  5946 | D:7      | Reached skill level 5 in Dodging
  6172 | D:7      | Reached ***** piety under Trog
  6679 | D:8      | Reached XP level 10. HP: 50/65 MP: 10/10
  6910 | D:8      | Received a gift from Trog
  6911 | D:8      | Reached skill level 8 in Maces & Flails
  7066 | D:8      | Found a sacrificial altar of Ru.
  7611 | D:9      | Found a staircase to the Lair.
  7633 | D:9      | Found a sparkling altar of Nemelex Xobeh.
  8097 | D:9      | Found a staircase to the Orcish Mines.
  8178 | D:9      | Found Bollotur's Antique Armour Boutique.
  8196 | D:9      | Bought a pair of glowing boots for 240 gold pieces
  8284 | D:9      | Found an iron altar of Okawaru.
  8331 | D:10     | Entered Level 10 of the Dungeon
  8331 | D:10     | Noticed Gastronok
  8341 | D:10     | Killed Gastronok
  8342 | D:10     | Reached skill level 10 in Fighting
  8342 | D:10     | Reached skill level 9 in Maces & Flails
  8342 | D:10     | Reached XP level 11. HP: 72/72 MP: 11/11
  8815 | D:10     | Received a gift from Trog
  8895 | D:10     | Noticed a two-headed ogre
  8907 | D:10     | Killed a two-headed ogre
  9057 | D:10     | Found a portal to a secret trove of treasure.
  9557 | D:11     | Found a snail-covered altar of Cheibriados.
  9557 | D:11     | Found Cheibriados's Comfort Zone.
  9592 | D:11     | Found a basalt altar of Yredelemnul.
  9792 | D:11     | Noticed a manticore
  9880 | D:11     | Killed a manticore
  9935 | D:11     | Noticed an unseen horror
  9942 | D:11     | Killed an unseen horror
 10154 | D:11     | Reached skill level 10 in Maces & Flails
 10170 | D:11     | Reached skill level 10 in Armour
 10280 | D:11     | Received a gift from Trog
 10364 | D:11     | Noticed a six-headed hydra
 11132 | Lair:1   | Entered Level 1 of the Lair of Beasts
 11270 | Lair:1   | Reached XP level 12. HP: 80/80 MP: 12/12
 12427 | Lair:2   | Reached skill level 11 in Maces & Flails
 13545 | Lair:3   | Reached skill level 1 in Evocations
 14174 | Lair:3   | Reached skill level 12 in Maces & Flails
 15071 | Lair:3   | Found a staircase to the Shoals.
 15422 | Lair:4   | Reached skill level 5 in Evocations
 15424 | Lair:4   | Reached XP level 13. HP: 82/84 MP: 13/13
 15502 | Lair:4   | Found a hole to the Spider Nest.
 16789 | Lair:5   | Reached skill level 13 in Maces & Flails
 17022 | Lair:5   | Reached ****** piety under Trog
 17928 | Lair:6   | Entered Level 6 of the Lair of Beasts
 18276 | Lair:6   | Noticed a fire dragon
 18287 | Lair:6   | Killed a fire dragon
 18406 | Lair:6   | Received a gift from Trog
 18659 | Lair:6   | Reached skill level 14 in Maces & Flails
 18806 | Lair:6   | Gained mutation: Your large and strong wings let you fly
                  | indefinitely. [Gargoyle growth]
 18806 | Lair:6   | Reached XP level 14. HP: 82/90 MP: 14/14
 19400 | Lair:6   | Noticed Rupert
 19405 | Lair:6   | Killed Rupert
 19490 | Lair:6   | Found a viscous altar of Jiyva.
 19490 | Lair:6   | Found a staircase to the Slime Pits.
 19573 | Lair:6   | Noticed Snorg
 19579 | Lair:6   | Killed Snorg
 19609 | Lair:6   | Received a gift from Trog
 20426 | Orc:1    | Entered Level 1 of the Orcish Mines
 20711 | Orc:2    | Entered Level 2 of the Orcish Mines
 21030 | Orc:2    | Reached skill level 10 in Evocations
 21033 | Orc:2    | Received a gift from Trog
 21292 | Orc:2    | Reached skill level 15 in Maces & Flails
 21545 | Orc:2    | Found Pimuc's Armour Shop.
 21545 | Orc:2    | Found Aseg's Antique Armour Shop.
 21550 | Orc:2    | Found Danuicot's General Store.
 21550 | Orc:2    | Found Hyrepr Lael's Armour Boutique.
 21625 | Orc:2    | Found a staircase to the Elven Halls.
 22741 | Orc:1    | Received a gift from Trog
 24125 | D:12     | Found the brooch of Shielding {Spirit SH+8}
 24295 | D:12     | Found the +5 scythe "Finisher" {speed, eviscerate}
 24330 | D:12     | Reached XP level 15. HP: 94/94 MP: 15/15
 24330 | D:12     | Received a gift from Trog
 25038 | D:13     | Found a gate to the Vaults.
 25065 | D:13     | Reached skill level 16 in Maces & Flails
 25843 | D:14     | Noticed Jorgrun
 25851 | D:14     | HP: 4/96 [Jorgrun/+0 vorpal quarterstaff (9)]
 25854 | D:14     | Killed Jorgrun
 26291 | D:14     | Received a gift from Trog
 27530 | D:15     | Entered Level 15 of the Dungeon
 27770 | D:15     | Noticed Agnes
 27776 | D:15     | Killed Agnes
 27927 | D:15     | Found a staircase to the Depths.
 28409 | D:15     | Received a gift from Trog
 28416 | D:15     | Reached skill level 17 in Maces & Flails
 28501 | D:15     | Reached XP level 16. HP: 96/104 MP: 16/16
 28514 | D:15     | Noticed Kirke
 28634 | D:15     | Killed Kirke
 29900 | Spider:1 | Entered Level 1 of the Spider Nest
 30252 | Spider:1 | Noticed Roxanne
 30533 | Spider:1 | Killed Roxanne
 31243 | Spider:2 | Received a gift from Trog
 31378 | Spider:2 | Noticed Arachne
 31596 | Spider:2 | Killed Arachne
 31951 | Spider:2 | Reached skill level 18 in Maces & Flails
 31951 | Spider:2 | Noticed Aizul
 31978 | Spider:2 | Killed Aizul
 32400 | Spider:2 | Reached skill level 15 in Fighting
 32939 | Spider:2 | Received a gift from Trog
 32976 | Spider:2 | HP: 5/108 [redback (9)]
 32978 | Spider:2 | Slain by a tarantella

Illustrated notes

Levels and vault maps discovered:
D:1:      nzn_arrival_crosshair, layout_basic
D:2:      layout_basic, uniq_jessica
D:3:      layout_basic
D:4:      layout_rooms, nicolae_qazlal_style_of_elements,
          lemuel_temple_firewalk_b, uniq_blork_the_orc, uniq_edmund
D:5:      layout_basic, nicolae_gozag_seed_capital, nzn_random_ring
D:6:      layout_cave_pools, chequers_temple_overflow_statue_of_worship,
          kennysheep_mini_moat, minmay_between
D:7:      layout_basic, serial_shops, shop, minmay_misc_feat_encased,
          hex_medium, nrook_mini_backslash
D:8:      layout_rooms, minmay_misc_feat_roman, hangedman_ru_absence
D:9:      layout_roguey, kennysheep_little_box, marbit_many_paths,
          lair_entry_dummy, orc_0_dummy, serial_shops, nicolae_shop_crystal,
          kennysheep_cross_room
D:10:     layout_basic, nicolae_trove_entry_isolated, uniq_gastronok
D:11:     layout_loops_ring, special_room [special_room_kobold], basic_altar,
          nicolae_water_bricks, serial_park_tiny_1, grunt_decor_arrowhead,
          minmay_shop_chei, mrwooster_statue_mirror
D:12:     layout_cave_pods, serial_column_ruins, column_ruins_hut,
          column_ruins_grid_1, column_ruins_corridor_straight,
          column_ruins_corridor_plus, column_ruins_columns_corner,
          minmay_guarded_unrand_finisher
D:13:     layout_loops_ring, erik_vaults_2, water_maze_lemuel
D:14:     layout_basic, eino_curves_01, minmay_shattered_shrine, uniq_jorgrun
D:15:     grunt_enter_depths_snipers, layout_stronghold,
          chequers_serial_rivers_marsh, minmay_lindwurm_lava, uniq_agnes,
          uniq_kirke
Temple:   nicolae_temple_figure_eight
Lair:1:   layout_cave_shapes, minivault_24
Lair:2:   layout_cave_shapes
Lair:3:   layout_hall_layers, shoals_dummy_entry, beast_lair_carwin_1
Lair:4:   layout_regular_city, spider_nest_entry_rubble, serial_bayou_pond_e,
          minivault_11
Lair:5:   nzn_winding_woodlands_stair_trap
          [nzn_winding_woodlands_5x15_longhouse,
          nzn_winding_woodlands_5x15_twine, nzn_winding_woodlands_5x15_pool,
          nzn_winding_woodlands_15x15_boxy_spiral,
          nzn_winding_woodlands_5x15_split_checker,
          nzn_winding_woodlands_5x15_river_crossing,
          nzn_winding_woodlands_5x15_garden], layout_cave_shapes, wad_woods_03
Lair:6:   guppyfry_lair_end_dragon, layout_cave_pods,
          hangedman_lair_caniforms_friends, slime_altar_1, grunt_megastairs_5,
          lemuel_fruit_tree, uniq_snorg, uniq_rupert
Spider:1: layout_spider_delve, uniq_roxanne
Spider:2: layout_spider_delve, drop_trap, minmay_another_anthill, uniq_aizul,
          uniq_arachne
Orc:1:    layout_caves
Orc:2:    st_orc_mages, layout_caves, lightli_volcano_entry_magma_tube

Skill      XL: |  1  2  3  4  5  6  7  8  9 10 11 12 13 14 15 16 |
---------------+-------------------------------------------------+-----
Fighting       | 4 5 6 7 8 10 11 13 15 | 15.1
Maces & Flails | 4 5 6 7 9 10 12 14 15 17 18 | 18.2
Armour         | 3 4 5 7 9 10 | 10.9
Dodging        | 2 3 4 5 6 8 |  8.9
Evocations     | 5 8 11 | 11.2

Action                   |  1- 3 |  4- 6 |  7- 9 | 10-12 | 13-15 | 16-18 || total
-------------------------+-------+-------+-------+-------+-------+-------++-------
Melee: Mace              |   118 |       |       |       |       |       ||   118
       Whip              |    11 |    96 |       |       |       |       ||   107
       Dire flail        |       |    38 |   349 |   546 |   570 |       ||  1503
       Morningstar       |       |       |    24 |    18 |       |       ||    42
       Eveningstar       |       |       |       |       |   279 |       ||   279
       Great mace        |       |       |       |       |   294 |   331 ||   625
Invok: Berserk           |       |     1 |     1 |       |       |       ||     2
       Brothers in Arms  |       |       |       |     2 |    15 |     1 ||    18
Evoke: Wand              |       |       |       |     5 |     6 |     1 ||    12
       Box of beasts     |       |       |       |       |     1 |       ||     1
  Use: Scroll            |     6 |     1 |     3 |    19 |    21 |       ||    50
       Potion            |       |       |       |       |     8 |     3 ||    11
 Stab: Distracted        |       |       |       |       |     1 |     1 ||     2
Armor: Animal skin       |    14 |       |       |       |       |       ||    14
       Plate armour      |    96 |    79 |   222 |   302 |   758 |   547 ||  2004
Dodge: Dodged            |    66 |    40 |   137 |   295 |   615 |   384 ||  1537
       Repelled          |       |       |       |     1 |     8 |     4 ||    13
